AoeStats
← CazadorGT

Arabia

508545433Analyzed
2v2 RM · 10d ago on Sep 23, 2026· 39m 19s· 4 players
Game mode
Random Map
Map size
Medium (4 player)
Population
200
Speed
Normal
Resources
Standard
Victory
Conquest
Starting age
Dark Age
Ending age
Imperial Age
RankedLock teamsTeams togetherTeam positionsShared explorationLock speedFull tech treeHidden civsTurbo modeCheats
Victory
Defeat
🇵🇪 Khitans · Peru
1217
+17
🇵🇪 Italians · Peru
1213
+17
🇨🇴 Ethiopians · Colombia
1313
-20
🇬🇹 Huns · Guatemala
1163
-14
Inkarri
0:29 Loom
10:32 Feudal Age
12:06 Wheelbarrow
11:19 Double-Bit Axe
11:16 Horse Collar
23:15 Castle Age
24:20 Fletching
25:06 Stone Mining
28:49 Bow Saw
28:49 Gold Mining
30:14 Hand Cart
30:03 Heavy Plow
32:02 Bodkin Arrow
32:22 Padded Archer Armor
33:57 Leather Archer Armor
34:26 Silk Road
34:59 Ballistics
35:07 Thumb Ring
38:59 Imperial Age
Artorias
6:32 Loom
9:20 Feudal Age
9:55 Double-Bit Axe
12:42 Forging
17:10 Domestication
21:57 Castle Age
21:26 Scale Barding Armor
23:42 Iron Casting
22:31 Light Cavalry
24:03 Husbandry
26:06 Chain Barding Armor
CazadorGT
6:48 Loom
10:52 Feudal Age
11:56 Feudal Age
11:58 Man-at-Arms
12:54 Arson
15:27 Scale Barding Armor
15:25 Scale Mail Armor
16:30 Forging
19:54 Scale Barding Armor
24:38 Castle Age
23:11 Bloodlines
23:01 Horse Collar
25:58 Iron Casting
25:36 Double-Bit Axe
26:12 Gold Mining
29:53 Husbandry
31:01 Chain Barding Armor
37:00 Wheelbarrow
Juan_DavidMLL
6:43 Loom
9:11 Feudal Age
9:54 Double-Bit Axe
11:27 Fletching
23:54 Padded Archer Armor
26:44 Castle Age
26:12 Town Watch
26:20 Double-Bit Axe
26:27 Gold Mining
26:25 Horse Collar
27:28 Bodkin Arrow
28:47 Crossbowman
Connection lost

Rejoining the realm…

Still unreachable

The connection could not be restored.

Session expired

The server has moved on; the page needs a fresh start.